Get step-by-step instructions on how to execute this build order below. Start the game timer, and the build order will tick by so you can play in parallel with StarCraft on a second screen or mobile device.

Game Time

  0:00

Last Step

  N/A

Next Step

  12  0:01  Drone  

Upcoming Step

  13  0:11  Drone  

Don't want to look back and forth between 2 screens? Try out our Overwolf App, the Spawning Tool Build Advisor to get an in-game overlay with this build!

Complete Build Order

  12  0:01  Drone  
  13  0:11  Drone  
  14  0:16  Overlord  
  14  0:34  Spawning Pool  
  13  0:53  Extractor, Drone x3  
  15  1:26  Overlord  
  15  1:28  Queen  
  15  1:30  Zergling x4  
  19  1:47  Drone, Roach Warren  
  19  1:52  Zergling x2, Extractor  
  19  1:58  Drone  
  20  2:30  Roach x2  
  24  2:45  Drone x4  
  28  2:52  Overlord  
  28  3:09  Roach  
  28  3:10  Roach x2  
  28  3:11  Roach  
  36  3:24  Overlord  
  36  3:27  Zergling x2  
  36  4:07  Roach x4  
  44  4:45  Lair  
  44  4:47  Overlord  
  44  4:48  Overlord  
  29  5:35  Hatchery  
  28  5:44  Overseer  
  28  5:45  Roach x2  
  28  5:46  Roach x5  
  42  5:54  Spire  
  41  6:00  Hydralisk Den  
  40  6:05  Drone  
  41  6:31  Hydralisk x3  
  47  6:36  Lurker Den  
  43  7:18  Mutalisk  
  43  7:19  Mutalisk x2  
  49  7:36  Evolution Chamber  
  48  7:38  Drone x3  
  37  8:23  Lurker x3  
  40  8:29  Roach x3  
  46  8:35  Drone x2  
  46  8:36  Drone  
  49  8:41  Hatchery  
  46  9:35  Overseer  
  46  10:23  Drone x3  
  46  10:25  Drone x3  
  52  10:35  Overlord  
  52  10:40  Hatchery  
  51  10:45  Hatchery, Queen  
  44  11:32  Overseer  
  44  12:13  Mutalisk x3  
  44  12:14  Mutalisk x2  
  44  12:15  Mutalisk x3  
  60  12:24  Overseer  
  50  12:31  Hatchery